 Dungeon Crawl Stone Soup version 0.32-a0-933-ga8fa3634e4 (webtiles) character file.

Game seed: 14231043197521541957

123 KennySheep the Vexing (level 5, -3/38 HPs)
             Began as a Formicid Hexslinger on Apr 15, 2024.
             Was a Believer of Qazlal.
             Killed from afar by an orc wizard (6 damage)
             ... with a puff of flame
             ... on level 3 of the Dungeon.
             The game lasted 00:09:22 (2190 turns).

KennySheep the Vexing (Formicid Hexslinger)         Turns: 2190, Time: 00:09:23

Health: -3/38      AC:  2    Str: 13    XL:     5   Next: 28%
Magic:  5/7        EV: 11    Int: 12    God:    Qazlal [**....]
Gold:   84         SH:  3    Dex: 18    Spells: 5/7 levels left

rFire   . . .        a - +1 sling
rCold   . . .        (no shield)
rNeg    . . .        c - +0 robe
rPois   .            (helmet unavailable)
rElec   .            (no cloak)
rCorr   .            (no gloves)
SInv    +            (no boots)
Will    .....        (no amulet)
Stlth   +            (no ring)
HPRegen 0.26/turn    (no ring)
MPRegen 0.10/turn

%: no passive effects
@: weak-willed
A: permanent stasis, dig shafts and tunnels, antennae 3, four strong arms
a: Dig, Shaft Self, Renounce Religion, Upheaval


You were on level 3 of the Dungeon.
You worshipped Qazlal.
Qazlal was pleased with you.
You visited 1 branch of the dungeon, and saw 3 of its levels.

You collected 104 gold pieces.
You spent 20 gold pieces at shops.

Inventory:

Hand Weapons
 a - a +1 sling (weapon)
Armour
 c - a +0 robe (worn)
Wands
 d - a wand of polymorph (7)
Scrolls
 b - a scroll of poison
 e - a scroll of immolation {unknown}
 f - a scroll of enchant weapon {unknown}
 g - a scroll of noise
 j - 2 scrolls of identify {unknown}
 k - a scroll of amnesia {unknown}
Potions
 h - a potion of might


   Skills:
 + Level 2.0 Fighting
 * Level 3.0 Ranged Weapons
 + Level 1.4 Armour
 + Level 2.2 Dodging
 + Level 1.6 Spellcasting
 * Level 4.5 Hexes
 - Level 1.0 Fire Magic
 + Level 1.1 Invocations


You had 5 spell levels left.
You knew the following spells:

 Your Spells              Type           Power      Damage    Failure   Level
a - Jinxbite              Hex            22%        N/A       7%          2

Your spell library contained the following spells:

 Spells                   Type           Power      Damage    Failure   Level
 Sigil of Binding         Hex            11%        N/A       13%         3
 Inner Flame              Hex/Fire       7%         N/A       26%         3
 Cause Fear               Hex            5%         N/A       41%         4
 Dimensional Bullseye     Hex/Tloc       3%         N/A       73%         4


Dungeon Overview and Level Annotations

Branches:
Dungeon (3/15)

Altars:
Qazlal

Shops:
D:1 *[??!

Annotations:
D:2 1 runed translucent door, Crazy Yiuf


Innate Abilities, Weirdness & Mutations

You cannot be hasted, slowed, berserked, paralysed or teleported.
You can dig through walls and to a lower floor.
You have a pair of large antennae on your head. (SInv)
Your four strong arms can wield two-handed weapons with a shield.


Message History

The jinxing sprites lose interest in you.
Your Fighting skill increases to level 2!
You shoot a sling bullet.
The sling bullet closely misses the orc wizard.
The sling bullet hits the orc.
The orc is almost dead.
The orc wizard hits you with a +0 dagger.
You shoot a sling bullet.
The sling bullet hits the orc wizard but does no damage.
The orc wizard is moderately wounded.
The orc wizard hits you but does no damage.
The orc wizard hits you with a +0 dagger.
You shoot a sling bullet. The sling bullet hits the orc wizard!
The orc wizard is almost dead.
The orc wizard casts a spell at you.
You are confused.
You are too confused!
You are too confused!
You closely miss the orc wizard.
The orc wizard is almost dead.
The orc wizard hits you with a +0 dagger.
You bump into the rock wall.
The orc wizard points at you and mumbles some strange words.
The puff of flame hits you!
* * * LOW HITPOINT WARNING * * *
Okay, then.
The orc wizard gestures at you while chanting.
The puff of flame hits you!
* * * LOW HITPOINT WARNING * * *
You feel less confused. The orc wizard barely misses you.
It was a potion of curing.
You feel better.
The orc wizard points at you and mumbles some strange words.
The magic dart hits you.
* * * LOW HITPOINT WARNING * * *
You shoot a sling bullet.
The sling bullet barely misses the orc wizard.
The orc wizard points at you and mumbles some strange words.
The puff of flame hits you.
You die...

#..## #...# #...#
#...# #...#
#...######
#...†....#
##°.####<#
#.@####.#########
#$.oo........!...
##.####..........
#.# ###########
#.# #.. ###


You could see an orc wizard and an orc.

Vanquished Creatures
  An orc wizard (D:3)
  3 adders (D:2)
  3 dart slugs
  A ribbon worm (D:2)
  An orc (D:3)
  4 ball pythons
  7 bats
  8 endoplasms
  4 giant cockroaches
  3 goblins
  4 hobgoblins
  3 jackals (D:2)
  2 kobolds (D:1)
  3 quokkas (D:1)
  4 frilled lizards
  5 rats
56 creatures vanquished.

Notes
Turn   | Place    | Note
-------+----------+-------------------------------------------
     0 | D:1      | KennySheep the Formicid Hexslinger began the quest for the
                  | Orb.
     0 | D:1      | Reached XP level 1. HP: 15/15 MP: 2/2
    66 | D:1      | Reached XP level 2. HP: 9/21 MP: 3/3
   152 | D:1      | Learned a level 2 spell: Jinxbite
   156 | D:1      | Found a faded altar of an unknown god.
   168 | D:1      | Prayed at the altar of an unknown god.
   168 | D:1      | Became a worshipper of Qazlal Stormbringer
   168 | D:1      | Reached * piety under Qazlal
   189 | D:1      | Found Nibabren's Magic Scroll Emporium.
   189 | D:1      | Found Sebyappo's Magic Scroll Shoppe.
   227 | D:1      | Bought a scroll of noise for 10 gold pieces
   384 | D:1      | Reached XP level 3. HP: 25/26 MP: 5/5
   405 | D:1      | Found Baqaged's Armour Shop.
   411 | D:1      | Reached skill level 4 in Hexes
   414 | D:1      | Found Pejy's Assorted Antiques.
   759 | D:1      | Found Takhle's Distillery.
   779 | D:1      | Bought a potion of degeneration for 10 gold pieces
   942 | D:2      | Reached ** piety under Qazlal
   971 | D:2      | Reached skill level 1 in Armour
   981 | D:2      | Reached XP level 4. HP: 6/32 MP: 6/6
  1574 | D:2      | Found a runed translucent door.
  1575 | D:2      | Noticed Crazy Yiuf
  1600 | D:2      | Reached skill level 1 in Invocations
  2179 | D:3      | Reached XP level 5. HP: 27/38 MP: 4/7
  2187 | D:3      | HP: 1/38 [orc wizard/puff of flame (9)]
  2190 | D:3      | Killed from afar by an orc wizard

Illustrated notes

Levels and vault maps discovered:
D:1:      elethiomel_arrival_infinity_welcomes_careful_drivers, layout_rooms,
          shapermc_ecumenical_altar_gd, serial_shops, shop, shop, shop_statue,
          nicolae_shop_peninsula, nicolae_shop_stone, minmay_misc_feat_ornament,
          minmay_stone_trees_small, serial_bayou_lagoon_b
D:2:      minmay_wonky_spiral, layout_basic, minivault_11, minmay_vboxes,
          uniq_crazy_yiuf_cottage
D:3:      minmay_bubble_buster, layout_loops_ring,
          lemuel_zombie_altar_kikubaaqudgha, uniq_terence

Skill      XL: |  1  2  3  4  5 |
---------------+----------------+-----
Hexes          | 4 |  4.5
Dodging        | 2 |  2.2
Armour         | 1 |  1.4
Invocations    | 1 |  1.1
Ranged Weapons | 3 |  3.0
Fighting       | 2 |  2.0
Spellcasting   | |  1.6
Fire Magic     | |  1.0

Action                     |  1- 3 |  4- 6 || total
---------------------------+-------+-------++-------
  Melee: Sling             |       |     3 ||     3
   Fire: Sling             |   101 |    90 ||   191
   Cast: Jinxbite          |       |     2 ||     2
    Use: Potion            |     2 |     1 ||     3
 Armour: Robe              |    35 |    47 ||    82
  Dodge: Dodged            |    48 |    37 ||    85
  Block: Other             |     4 |     6 ||    10

Table legend: (Time is in decaauts)
 A = Elapsed time spent in this place.
 B = Non-inter-level travel time spent in this place.
 C = Inter-level travel time spent in this place.
 D = Time resting spent in this place.
 E = Time spent auto-exploring this place.
 F = Levels seen in this place.
 G = Mean time per level.
                   A        B        C        D        E       F      G
               +--------+--------+--------+--------+--------+-----+--------+
         Total |   2263 |   2177 |     86 |    244 |   1462 |   3 |  754.3 |
       Dungeon |   2263 |   2177 |     86 |    244 |   1462 |   3 |  754.3 |
               +--------+--------+--------+--------+--------+-----+--------+

Top non-repeatable levels by time:
     D:2: 1165 daAuts
     D:1: 1052 daAuts
     D:3: 46 daAuts
